Mustangs vs Atomiques

Created - March 8, 2020 at 09:49

Goals
1 2 3 T
Mustangs 1 1 3 5
Atomiques 0 1 1 2
Shots
1 2 3 T
Mustangs 10 8 12 30
Atomiques 13 9 10 32

1st period

1. Mustangs , Melker Karlsson 37 (Josh Jooris 37, Alexei Marchenko 43) at 10:41

Penalties :
Ben Harpur (Ham) for Slashing (Double Minor) at 19:35

2nd period

2. Mustangs , Ben Harpur 5 (Josh Jooris 38, Jonathan Drouin 31) at 4:46
3. Atomiques , Jacob De La Rose 1 (Anthony Nigro 10, Max Friberg 16) at 14:32

Penalties :
Connor Clifton (STB) for Hooking (Minor) at 6:40

3rd period

4. Mustangs , Jim O'Brien 1 (Andreas Martinsen 37, Alexei Marchenko 44) at 5:00
5. Atomiques , William Nylander 9 (Colby Cohen 16) at 9:41
6. Mustangs , Melker Karlsson 38 (Josh Jooris 39) at 10:14
7. Mustangs , Jonathan Drouin 20 (Josh Jooris 40, Melker Karlsson 48) at 13:50

Penalties :
Scott Mayfield (Ham) for Tripping (Minor) at 1:51

Goalie Stats

Chet Pickard (Ham), 30 saves from 32 shots - (0.938), W, 26-13-2, 60:00 minutes
Connor Hellebyuk (STB), 25 saves from 30 shots - (0.833), L, 21-14-4, 60:00 minutes

Players Stats for Mustangs

Player Name              G  A  P  +/- PIM S  H  SB GA TA FO     MP     PP MP  PK MP  
------------------------------------------------------------------------------------
Alexei Marchenko         0  2  2   0  0   1  1  1  2  0  0/0    25:59   1:13   3:25 
Andreas Martinsen        0  1  1   0  0   5  0  0  2  1  0/0    17:52   0:58   0:48 
Andrew O'Brien           0  0  0   1  0   0  1  2  0  0  0/0    15:49   0:00   2:33 
Ben Harpur               1  0  1   2  4   3  2  1  0  1  0/0    19:19   0:46   0:59 
Brayden Point            0  0  0  -2  0   1  1  0  0  1  2/7    21:04   0:58   0:00 
Chrstian Dvorak          0  0  0   0  0   0  3  0  0  0  0/0    10:58   0:00   0:00 
Craig Smith              0  0  0  -1  0   0  3  1  0  0  0/1    11:06   0:00   1:37 
Dakota Mermis            0  0  0   1  0   0  0  2  0  0  0/0    16:35   0:46   2:33 
Damon Severson           0  0  0   3  0   0  0  0  0  2  0/0    19:02   1:13   0:00 
Iven Barbashev           0  0  0   0  0   1  1  0  1  0  0/0    10:58   0:00   0:00 
Jim O'Brien              1  0  1   1  0   1  0  0  0  0  0/0     1:44   0:00   0:14 
Jonathan Drouin          1  1  2   4  0   2  0  1  1  0  0/0    17:37   1:01   0:00 
Josh Jooris              0  4  4   4  0   2  3  2  0  3  1/3    21:16   1:01   3:33 
Max Gortz                0  0  0   0  0   1  0  0  0  0  0/0    10:58   0:00   0:00 
Melker Karlsson          2  1  3   4  0   5  2  2  0  0  13/28  22:04   1:01   3:29 
Scott Mayfield           0  0  0   0  2   4  6  3  0  0  0/0    24:33   0:00   2:26 
Stefan Matteau           0  0  0  -1  0   3  1  0  0  0  9/18   18:52   0:58   2:15 
Tuomo Ruutu              0  0  0  -1  0   1  1  0  0  0  0/0     8:14   0:00   0:00 

Players Stats for Atomiques

Player Name              G  A  P  +/- PIM S  H  SB GA TA FO     MP     PP MP  PK MP  
------------------------------------------------------------------------------------
Anthony Nigro            0  1  1  -1  0   1  1  0  0  0  1/3    11:31   0:00   0:27 
Bobby Farnham            0  0  0   0  0   1  1  0  0  1  0/0     8:07   0:00   0:00 
Carl Dahlstrom           0  0  0  -2  0   0  1  0  0  0  0/0    13:45   0:00   0:44 
Colby Cohen              0  1  1   2  0   1  2  1  0  1  0/0    20:20   2:04   1:01 
Connor Clifton           0  0  0  -2  2   0  0  0  0  0  0/0    13:02   0:00   0:00 
Corey Tropp              0  0  0  -2  0   2  1  0  2  2  0/0    23:08   3:38   0:00 
Dalton Smith             0  0  0   0  0   0  1  0  0  0  1/1     8:07   0:00   0:00 
Eric Mestery             0  0  0   2  0   0  4  1  0  0  0/0    20:15   2:04   0:58 
Freddie Hamilton         0  0  0   0  0   1  1  0  0  0  1/2     8:17   0:00   0:10 
Jacob De La Rose         1  0  1  -1  0   1  2  0  1  0  0/0    11:59   0:00   0:57 
Jonathan Huberdeau       0  0  0  -2  0   6  1  0  1  0  0/1    23:43   3:38   0:35 
Jordan Schmaltz          0  0  0  -3  0   4  4  3  0  0  0/0    26:46   3:54   1:05 
Kerby Rychel             0  0  0   0  0   3  1  0  1  1  0/0    15:42   2:20   0:00 
Max Friberg              0  1  1  -1  0   0  0  0  1  0  0/0    11:31   0:00   0:27 
Nick Schmaltz            0  0  0   0  0   2  1  1  0  1  8/15   16:07   2:20   0:25 
Oscar Sundqvist          0  0  0  -2  0   5  2  2  1  0  21/34  24:05   3:38   0:57 
Travis Sanheim           0  0  0  -3  0   1  0  1  1  0  0/0    25:53   3:54   0:10 
William Nylander         1  0  1   0  0   4  0  0  0  0  0/1    15:42   2:20   0:00 

3 Stars

1 - Melker Karlsson (Ham)
2 - Josh Jooris (Ham)
3 - Jonathan Drouin (Ham)

Power Play

Mustangs - 0 on 1 Attempt(s) - 0.00%
Atomiques - 0 on 3 Attempt(s) - 0.00%

Penalty Kill

Mustangs - 3 on 3 Attempt(s) - 100.00% - Score 0 goal in Penalty Kill
Atomiques - 1 on 1 Attempt(s) - 100.00% - Score 0 goal in Penalty Kill

Team Stat

Mustangs - Hits : 25 - Faceoff Wins : 25 - Blocked Shots : 15 - Penalty Minutes : 6
Atomiques - Hits : 23 - Faceoff Wins : 32 - Blocked Shots : 9 - Penalty Minutes : 2

Official

Referees : Unknown
Linesman : Unknown

Game Notes

No Game Note

Finance

Level 1 -- Attendance: 1411 (70.55%) -- Ticket Income $56,440
Level 2 -- Attendance: 711 (71.10%) -- Ticket Income $14,220
Total Attendance: 2122 (70.73%)
Total Ticket Income: $70,660
Other Income: $3,533
Total Income: $74,193

Mustangs

5 vs 5 Forward 
   Center                   Left Wing                Right Wing               Time % Phy DF OF 
 1 Melker Karlsson          Jonathan Drouin          Josh Jooris              40     1   2  2  
 2 Stefan Matteau           Andreas Martinsen        Brayden Point            30     1   2  2  
 3 Brayden Point            Tuomo Ruutu              Craig Smith              20     1   2  2  
 4 Iven Barbashev           Chrstian Dvorak          Max Gortz                10     1   2  2  

5 vs 5 Defense 
   Defense                  Defense                                           Time % Phy DF OF 
 1 Alexei Marchenko         Scott Mayfield                                    44     1   2  2  
 2 Ben Harpur               Damon Severson                                    33     1   2  2  
 3 Andrew O'Brien           Dakota Mermis                                     23     1   2  2  
 4 Alexei Marchenko         Scott Mayfield                                    0      1   2  2  

PowerPlay Forward 
   Center                   Left Wing                Right Wing               Time % Phy DF OF 
 1 Melker Karlsson          Jonathan Drouin          Josh Jooris              60     1   2  2  
 2 Stefan Matteau           Andreas Martinsen        Brayden Point            40     1   2  2  

PowerPlay Defense
   Defense                  Defense                                           Time % Phy DF OF 
 1 Alexei Marchenko         Damon Severson                                    60     1   2  2  
 2 Ben Harpur               Dakota Mermis                                     40     1   2  2  

Penalty Kill 4 Players Forward 
   Center                   Wing                     Time % Phy DF OF 
 1 Melker Karlsson          Josh Jooris              60     1   2  2  
 2 Stefan Matteau           Craig Smith              40     1   2  2  

Penalty Kill 4 Players Defense
   Defense                  Defense                  Time % Phy DF OF 
 1 Alexei Marchenko         Ben Harpur               60     1   2  2  
 2 Dakota Mermis            Andrew O'Brien           40     1   2  2  

Penalty Kill - 3 Players Forward 
   Forward                                           Time % Phy DF OF 
 1 Melker Karlsson                                   60     1   2  2  
 2 Stefan Matteau                                    40     1   2  2  

Penalty Kill - 3 Players Defense
   Defense                  Defense                  Time % Phy DF OF 
 1 Alexei Marchenko         Ben Harpur               60     1   2  2  
 2 Dakota Mermis            Andrew O'Brien           40     1   2  2  

4 vs 4 Forward 
   Center                   Wing                     Time % Phy DF OF 
 1 Melker Karlsson          Josh Jooris              60     1   2  2  
 2 Stefan Matteau           Craig Smith              40     1   2  2  

4 vs 4 Defense
   Defense                  Defense                  Time % Phy DF OF 
 1 Alexei Marchenko         Scott Mayfield           60     1   2  2  
 2 Ben Harpur               Damon Severson           40     1   2  2  

Last Minutes Offensive
   Center                   Left Wing                Right Wing               Defense                  Defense                  
   Melker Karlsson          Jonathan Drouin          Josh Jooris              Alexei Marchenko         Scott Mayfield           

Last Minutes Defensive
   Center                   Left Wing                Right Wing               Defense                  Defense                  
   Melker Karlsson          Andreas Martinsen        Josh Jooris              Alexei Marchenko         Scott Mayfield           

Goaltenders
Starting : Chet Pickard             
Backup : Anthony Stolarz          

Extra Forwards
Normal : Melker Karlsson, Stefan Matteau, Brayden Point - PP : Josh Jooris, Craig Smith - PK : Melker Karlsson
Extra Defensemen
Normal : Alexei Marchenko, Ben Harpur, Dakota Mermis - PP : Alexei Marchenko - PK : Alexei Marchenko, Ben Harpur
Penalty Shots
Josh Jooris, Melker Karlsson, Stefan Matteau, Brayden Point, Jonathan Drouin

Scratches
Ryan Graves (Healthy), Curtis Hamilton (Healthy), Matthew Finn (Healthy), Danny Biega (Healthy), Kurtis Gabriel (Healthy)
Raphael Bussieres (Healthy), Sam Kurker (Healthy), Josh Ho-Sang (Healthy), Brett Pollock (Healthy), Steven Spinner (Healthy)
Joacim Eriksson (Healthy)

Atomiques

5 vs 5 Forward 
   Center                   Left Wing                Right Wing               Time % Phy DF OF 
 1 Oscar Sundqvist          Jonathan Huberdeau       Corey Tropp              40     1   2  2  
 2 Nick Schmaltz            Kerby Rychel             William Nylander         30     1   2  2  
 3 Anthony Nigro            Jacob De La Rose         Max Friberg              20     1   2  2  
 4 Freddie Hamilton         Dalton Smith             Bobby Farnham            10     1   2  2  

5 vs 5 Defense 
   Defense                  Defense                                           Time % Phy DF OF 
 1 Jordan Schmaltz          Travis Sanheim                                    40     1   2  2  
 2 Eric Mestery             Colby Cohen                                       30     1   2  2  
 3 Carl Dahlstrom           Connor Clifton                                    20     1   2  2  
 4 Jordan Schmaltz          Travis Sanheim                                    10     1   2  2  

PowerPlay Forward 
   Center                   Left Wing                Right Wing               Time % Phy DF OF 
 1 Oscar Sundqvist          Jonathan Huberdeau       Corey Tropp              60     1   2  2  
 2 Nick Schmaltz            Kerby Rychel             William Nylander         40     1   2  2  

PowerPlay Defense
   Defense                  Defense                                           Time % Phy DF OF 
 1 Jordan Schmaltz          Travis Sanheim                                    60     1   2  2  
 2 Eric Mestery             Colby Cohen                                       40     1   2  2  

Penalty Kill 4 Players Forward 
   Center                   Wing                     Time % Phy DF OF 
 1 Oscar Sundqvist          Jacob De La Rose         60     1   2  2  
 2 Anthony Nigro            Max Friberg              40     1   2  2  

Penalty Kill 4 Players Defense
   Defense                  Defense                  Time % Phy DF OF 
 1 Jordan Schmaltz          Colby Cohen              60     1   2  2  
 2 Eric Mestery             Connor Clifton           40     1   2  2  

Penalty Kill - 3 Players Forward 
   Forward                                           Time % Phy DF OF 
 1 Oscar Sundqvist                                   60     1   2  2  
 2 Jacob De La Rose                                  40     1   2  2  

Penalty Kill - 3 Players Defense
   Defense                  Defense                  Time % Phy DF OF 
 1 Jordan Schmaltz          Colby Cohen              60     1   2  2  
 2 Eric Mestery             Connor Clifton           40     1   2  2  

4 vs 4 Forward 
   Center                   Wing                     Time % Phy DF OF 
 1 Jonathan Huberdeau       Corey Tropp              60     1   2  2  
 2 Oscar Sundqvist          William Nylander         40     1   2  2  

4 vs 4 Defense
   Defense                  Defense                  Time % Phy DF OF 
 1 Jordan Schmaltz          Colby Cohen              60     1   2  2  
 2 Eric Mestery             Travis Sanheim           40     1   2  2  

Last Minutes Offensive
   Center                   Left Wing                Right Wing               Defense                  Defense                  
   Oscar Sundqvist          Jonathan Huberdeau       William Nylander         Jordan Schmaltz          Travis Sanheim           

Last Minutes Defensive
   Center                   Left Wing                Right Wing               Defense                  Defense                  
   Oscar Sundqvist          Jacob De La Rose         Corey Tropp              Jordan Schmaltz          Colby Cohen              

Goaltenders
Starting : Connor Hellebyuk         
Backup : Thatcher Demko           

Extra Forwards
Normal : Bobby Farnham, William Nylander, Nick Schmaltz - PP : Bobby Farnham, William Nylander - PK : Nick Schmaltz
Extra Defensemen
Normal : Carl Dahlstrom, Connor Clifton, Eric Mestery - PP : Carl Dahlstrom - PK : Connor Clifton, Eric Mestery
Penalty Shots
Jonathan Huberdeau, Corey Tropp, Max Friberg, Oscar Sundqvist, Bobby Farnham

Scratches
Mike Halmo (Healthy), Michael Chaput (Torn Left Knee Ligaments Injury), Max McCormick (Healthy), Joseph Cramarossa (Healthy), Matt Tennyson (Strained Right Knee Injury)
Nicolas Aube-Kubel (Healthy), Axel Holmstrom (Healthy), Keegan Iverson (Healthy), Aaron Haydon (Healthy)

% Time on Ice - Mustangs

Lines # - Real PCT - Wanted PCT - Time Play
Normal Forward
1 - 34% - 40% - 17:46
2 - 29% - 30% - 15:05
3 - 16% - 20% - 8:14
4 - 21% - 10% - 10:58
Normal Defense
1 - 41% - 44% - 21:20
2 - 34% - 33% - 17:42
3 - 25% - 23% - 13:01
4 - 0% - 0% - 0:00
PP Forward
1 - 51% - 60% - 1:01
2 - 49% - 40% - 0:58
PP Defense
1 - 61% - 60% - 1:13
2 - 39% - 40% - 0:46
PK Forward
1 - 73% - 60% - 4:21
2 - 27% - 40% - 1:37
PK Defense
1 - 57% - 60% - 3:25
2 - 43% - 40% - 2:33
PK3 Forward
1 - 0% - 60%
2 - 0% - 40%
PK3 Defense
1 - 0% - 60%
2 - 0% - 40%
44 Forward
1 - 0% - 60%
2 - 0% - 40%
44 Defense
1 - 0% - 60%
2 - 0% - 40%
Last Minute Offensive  - 0:00
Last Minute Defensive  - 0:00
Total
Forward - 60:00
Defense - 60:00

% Time on Ice - Atomiques

Lines # - Real PCT - Wanted PCT - Time Play
Normal Forward
1 - 37% - 40% - 19:30
2 - 26% - 30% - 13:24
3 - 21% - 20% - 11:02
4 - 16% - 10% - 8:07
Normal Defense
1 - 39% - 40% - 20:04
2 - 33% - 30% - 17:15
3 - 25% - 20% - 13:01
4 - 3% - 10% - 1:43
PP Forward
1 - 61% - 60% - 3:38
2 - 39% - 40% - 2:20
PP Defense
1 - 65% - 60% - 3:54
2 - 35% - 40% - 2:04
PK Forward
1 - 77% - 60% - 1:32
2 - 23% - 40% - 0:27
PK Defense
1 - 43% - 60% - 0:51
2 - 57% - 40% - 1:08
PK3 Forward
1 - 0% - 60%
2 - 0% - 40%
PK3 Defense
1 - 0% - 60%
2 - 0% - 40%
44 Forward
1 - 0% - 60%
2 - 0% - 40%
44 Defense
1 - 0% - 60%
2 - 0% - 40%
Last Minute Offensive  - 0:00
Last Minute Defensive  - 0:00
Total
Forward - 60:00
Defense - 60:00

Play-by-Play

1st period


0:01 of 1st period - Oscar Sundqvist wins face-off versus Melker Karlsson in neutral zone.
0:08 of 1st period - Snap shot by Corey Tropp.
0:08 of 1st period - Deflect By Alexei Marchenko.
0:08 of 1st period - Shot Misses the Net.
0:08 of 1st period - Puck is out of play.
0:09 of 1st period - Oscar Sundqvist wins face-off versus Josh Jooris in Mustangs zone.
0:44 of 1st period - Snap shot by Oscar Sundqvist.
0:44 of 1st period - Shot Misses the Net.
0:46 of 1st period - Slapshot by Jordan Schmaltz.
0:46 of 1st period - Stopped by Chet Pickard without a rebound.
0:47 of 1st period - Brayden Point wins face-off versus Nick Schmaltz in Mustangs zone.
1:12 of 1st period - Anthony Nigro is hit by Chrstian Dvorak and loses puck.
1:59 of 1st period - Wrist shot by Corey Tropp.
1:59 of 1st period - Shot Blocked by Craig Smith.
2:01 of 1st period - Slapshot by Oscar Sundqvist.
2:01 of 1st period - Stopped by Chet Pickard with a rebound.
2:03 of 1st period - Wrist shot by Oscar Sundqvist.
2:03 of 1st period - Stopped by Chet Pickard without a rebound.
2:04 of 1st period - Nick Schmaltz wins face-off versus Stefan Matteau in Mustangs zone.
2:09 of 1st period - Wrist shot by Kerby Rychel.
2:09 of 1st period - Stopped by Chet Pickard without a rebound.
2:10 of 1st period - Nick Schmaltz wins face-off versus Stefan Matteau in Mustangs zone.
2:24 of 1st period - Snap shot by Kerby Rychel.
2:24 of 1st period - Stopped by Chet Pickard without a rebound.
2:25 of 1st period - Josh Jooris wins face-off versus Anthony Nigro in Mustangs zone.
2:30 of 1st period - Josh Jooris is hit by Carl Dahlstrom and loses puck.
2:52 of 1st period - Carl Dahlstrom is hit by Scott Mayfield and loses puck.
4:37 of 1st period - Jordan Schmaltz is hit by Josh Jooris and loses puck.
5:31 of 1st period - Nick Schmaltz is hit by Scott Mayfield and loses puck.
6:26 of 1st period - Max Gortz is hit by Eric Mestery and loses puck.
6:31 of 1st period - Wrist shot by Anthony Nigro.
6:31 of 1st period - Shot Misses the Net.
7:12 of 1st period - Icing by Dalton Smith.
7:13 of 1st period - Stefan Matteau wins face-off versus Oscar Sundqvist in Atomiques zone.
7:14 of 1st period - Wrist shot by Andreas Martinsen.
7:14 of 1st period - Stopped by Connor Hellebyuk without a rebound.
7:15 of 1st period - Oscar Sundqvist wins face-off versus Stefan Matteau in Atomiques zone.
7:27 of 1st period - Wrist shot by Corey Tropp.
7:27 of 1st period - Shot Misses the Net.
7:41 of 1st period - Scott Mayfield is hit by Nick Schmaltz and loses puck.
7:46 of 1st period - Snap shot by Kerby Rychel.
7:46 of 1st period - Shot Blocked by Scott Mayfield.
7:48 of 1st period - Slapshot by Travis Sanheim.
7:48 of 1st period - Shot Misses the Net.
8:21 of 1st period - Off-side.
8:22 of 1st period - Freddie Hamilton wins face-off versus Brayden Point in neutral zone.
8:47 of 1st period - Josh Jooris is hit by Jordan Schmaltz and loses puck.
9:05 of 1st period - Dakota Mermis is hit by Jonathan Huberdeau and loses puck.
9:29 of 1st period - Wrist shot by Melker Karlsson.
9:29 of 1st period - Shot Blocked by Oscar Sundqvist.
10:07 of 1st period - Wrist shot by Corey Tropp.
10:07 of 1st period - Stopped by Chet Pickard with a rebound.
10:37 of 1st period - Wrist shot by Melker Karlsson.
10:37 of 1st period - Shot Misses the Net.
10:41 of 1st period - Backhand shot by Melker Karlsson.
10:41 of 1st period - Goal by Melker Karlsson - Mustangs : 1 - Atomiques : 0.
10:42 of 1st period - Stefan Matteau wins face-off versus Nick Schmaltz in neutral zone.
10:47 of 1st period - Snap shot by Stefan Matteau.
10:47 of 1st period - Stopped by Connor Hellebyuk without a rebound.
10:48 of 1st period - Nick Schmaltz wins face-off versus Stefan Matteau in Atomiques zone.
10:55 of 1st period - Wrist shot by Andreas Martinsen.
10:55 of 1st period - Shot Blocked by Jordan Schmaltz.
10:57 of 1st period - Slapshot by Andreas Martinsen.
10:57 of 1st period - Shot Blocked by Jordan Schmaltz.
10:59 of 1st period - Snap shot by Andreas Martinsen.
10:59 of 1st period - Stopped by Connor Hellebyuk with a rebound.
11:01 of 1st period - Wrist shot by Stefan Matteau.
11:01 of 1st period - Stopped by Connor Hellebyuk without a rebound.
11:02 of 1st period - Stefan Matteau wins face-off versus Nick Schmaltz in Atomiques zone.
11:07 of 1st period - Wrist shot by Stefan Matteau.
11:07 of 1st period - Shot Misses the Net.
11:09 of 1st period - Slapshot by Andreas Martinsen.
11:09 of 1st period - Deflect By Brayden Point.
11:09 of 1st period - Stopped by Connor Hellebyuk with a rebound.
11:11 of 1st period - Wrist shot by Ben Harpur.
11:11 of 1st period - Stopped by Connor Hellebyuk with a rebound.
11:13 of 1st period - Backhand shot by Stefan Matteau.
11:13 of 1st period - Shot Blocked by Nick Schmaltz.
11:15 of 1st period - Snap shot by Stefan Matteau.
11:15 of 1st period - Stopped by Connor Hellebyuk with a rebound.
11:36 of 1st period - Ben Harpur is hit by Eric Mestery.
12:44 of 1st period - Dakota Mermis is hit by Dalton Smith and loses puck.
12:57 of 1st period - Slapshot by Jonathan Huberdeau.
12:57 of 1st period - Shot Misses the Net.
12:59 of 1st period - Wrist shot by Jonathan Huberdeau.
12:59 of 1st period - Stopped by Chet Pickard with a rebound.
13:34 of 1st period - Jordan Schmaltz is hit by Ben Harpur and loses puck.
14:34 of 1st period - Damon Severson is hit by Colby Cohen and loses puck.
14:57 of 1st period - Snap shot by William Nylander.
14:57 of 1st period - Stopped by Chet Pickard with a rebound.
15:44 of 1st period - Wrist shot by Jonathan Huberdeau.
15:44 of 1st period - Shot Blocked by Andrew O'Brien.
16:04 of 1st period - Snap shot by Nick Schmaltz.
16:04 of 1st period - Shot Misses the Net.
17:40 of 1st period - Slapshot by Bobby Farnham.
17:40 of 1st period - Stopped by Chet Pickard without a rebound.
17:41 of 1st period - Oscar Sundqvist wins face-off versus Melker Karlsson in Mustangs zone.
17:54 of 1st period - Snap shot by Jonathan Huberdeau.
17:54 of 1st period - Stopped by Chet Pickard with a rebound.
17:56 of 1st period - Wrist shot by Travis Sanheim.
17:56 of 1st period - Shot Blocked by Alexei Marchenko.
18:15 of 1st period - Icing by Andreas Martinsen.
18:16 of 1st period - Oscar Sundqvist wins face-off versus Stefan Matteau in Mustangs zone.
18:43 of 1st period - Snap shot by Melker Karlsson.
18:43 of 1st period - Stopped by Connor Hellebyuk with a rebound.
18:45 of 1st period - Wrist shot by Josh Jooris.
18:45 of 1st period - Stopped by Connor Hellebyuk with a rebound.
19:35 of 1st period - Double Minor Penalty to Ben Harpur for Slashing.
19:36 of 1st period - Oscar Sundqvist wins face-off versus Melker Karlsson in Mustangs zone.
19:40 of 1st period - Wrist shot by Jonathan Huberdeau.
19:40 of 1st period - Stopped by Chet Pickard with a rebound.
19:42 of 1st period - Wrist shot by Oscar Sundqvist.
19:42 of 1st period - Shot Misses the Net.
19:44 of 1st period - Slapshot by Jonathan Huberdeau.
19:44 of 1st period - Shot Misses the Net.
19:46 of 1st period - Slapshot by Jordan Schmaltz.
19:46 of 1st period - Deflect By Alexei Marchenko.
19:46 of 1st period - Stopped by Chet Pickard without a rebound.
19:47 of 1st period - Oscar Sundqvist wins face-off versus Melker Karlsson in Mustangs zone.
19:54 of 1st period - Snap shot by Oscar Sundqvist.
19:54 of 1st period - Stopped by Chet Pickard with a rebound.
19:56 of 1st period - Slapshot by Travis Sanheim.
19:56 of 1st period - Deflect By Oscar Sundqvist.
19:56 of 1st period - Shot Misses the Net.
19:56 of 1st period - Puck is out of play.
19:57 of 1st period - Oscar Sundqvist wins face-off versus Melker Karlsson in Mustangs zone.
Goals for this period are 1 for Mustangs vs 0 for Atomiques.
Shots for this period are 10 for Mustangs vs 13 for Atomiques.

2nd period


0:01 of 2nd period - Melker Karlsson wins face-off versus Oscar Sundqvist in neutral zone.
0:14 of 2nd period - Wrist shot by Josh Jooris.
0:14 of 2nd period - Stopped by Connor Hellebyuk with a rebound.
0:17 of 2nd period - Icing by Travis Sanheim.
0:18 of 2nd period - Oscar Sundqvist wins face-off versus Melker Karlsson in Atomiques zone.
1:02 of 2nd period - Wrist shot by Corey Tropp.
1:02 of 2nd period - Shot Misses the Net.
1:04 of 2nd period - Snap shot by Jordan Schmaltz.
1:04 of 2nd period - Stopped by Chet Pickard without a rebound.
1:05 of 2nd period - Melker Karlsson wins face-off versus William Nylander in Mustangs zone.
1:05 of 2nd period - Melker Karlsson is hit by Kerby Rychel.
1:28 of 2nd period - Josh Jooris is hit by Colby Cohen and loses puck.
1:35 of 2nd period - Slapshot by William Nylander.
1:35 of 2nd period - Deflect By Melker Karlsson.
1:35 of 2nd period - Shot Misses the Net.
1:35 of 2nd period - Puck is out of play.
1:36 of 2nd period - Oscar Sundqvist wins face-off versus Melker Karlsson in Mustangs zone.
1:41 of 2nd period - Wrist shot by Oscar Sundqvist.
1:41 of 2nd period - Shot Blocked by Scott Mayfield.
2:34 of 2nd period - Icing by Eric Mestery.
2:35 of 2nd period - Stefan Matteau wins face-off versus Jonathan Huberdeau in Atomiques zone.
3:08 of 2nd period - Melker Karlsson is hit by Jordan Schmaltz and loses puck.
3:19 of 2nd period - Snap shot by Josh Jooris.
3:19 of 2nd period - Shot Misses the Net.
3:22 of 2nd period - Icing by Travis Sanheim.
3:23 of 2nd period - Oscar Sundqvist wins face-off versus Craig Smith in Atomiques zone.
3:35 of 2nd period - Penalty to Ben Harpur is over, Ben Harpur is back on ice.
3:47 of 2nd period - Colby Cohen is hit by Scott Mayfield and loses puck.
3:54 of 2nd period - Scott Mayfield is hit by Eric Mestery and loses puck.
4:04 of 2nd period - Icing by Alexei Marchenko.
4:05 of 2nd period - Brayden Point wins face-off versus Freddie Hamilton in Mustangs zone.
4:34 of 2nd period - Wrist shot by Josh Jooris.
4:34 of 2nd period - Shot Misses the Net.
4:36 of 2nd period - Slapshot by Scott Mayfield.
4:36 of 2nd period - Stopped by Connor Hellebyuk without a rebound.
4:37 of 2nd period - Melker Karlsson wins face-off versus Oscar Sundqvist in Atomiques zone.
4:44 of 2nd period - Wrist shot by Josh Jooris.
4:44 of 2nd period - Shot Blocked by Jordan Schmaltz.
4:46 of 2nd period - Wrist shot by Ben Harpur.
4:46 of 2nd period - Goal by Ben Harpur - Mustangs : 2 - Atomiques : 0.
4:47 of 2nd period - Melker Karlsson wins face-off versus Oscar Sundqvist in neutral zone.
5:19 of 2nd period - Backhand shot by Andreas Martinsen.
5:19 of 2nd period - Stopped by Connor Hellebyuk without a rebound.
5:20 of 2nd period - Melker Karlsson wins face-off versus Nick Schmaltz in Atomiques zone.
5:27 of 2nd period - Snap shot by Josh Jooris.
5:27 of 2nd period - Shot Blocked by Colby Cohen.
5:49 of 2nd period - Slapshot by Oscar Sundqvist.
5:49 of 2nd period - Shot Misses the Net.
5:51 of 2nd period - Slapshot by Jonathan Huberdeau.
5:51 of 2nd period - Stopped by Chet Pickard with a rebound.
5:53 of 2nd period - Slapshot by Colby Cohen.
5:53 of 2nd period - Stopped by Chet Pickard without a rebound.
5:54 of 2nd period - Melker Karlsson wins face-off versus Oscar Sundqvist in Mustangs zone.
6:19 of 2nd period - William Nylander is hit by Brayden Point and loses puck.
6:28 of 2nd period - Slapshot by Jordan Schmaltz.
6:28 of 2nd period - Stopped by Chet Pickard without a rebound.
6:29 of 2nd period - Stefan Matteau wins face-off versus Oscar Sundqvist in Mustangs zone.
6:29 of 2nd period - Stefan Matteau is hit by Oscar Sundqvist.
6:40 of 2nd period - Minor Penalty to Connor Clifton for Hooking.
6:41 of 2nd period - Oscar Sundqvist wins face-off versus Josh Jooris in Atomiques zone.
6:49 of 2nd period - Oscar Sundqvist is hit by Melker Karlsson and loses puck.
6:54 of 2nd period - Snap shot by Jonathan Drouin.
6:54 of 2nd period - Shot Misses the Net.
6:56 of 2nd period - Slapshot by Alexei Marchenko.
6:56 of 2nd period - Shot Blocked by Oscar Sundqvist.
7:59 of 2nd period - Snap shot by Jonathan Huberdeau.
7:59 of 2nd period - Stopped by Chet Pickard with a rebound.
8:40 of 2nd period - Penalty to Connor Clifton is over, Connor Clifton is back on ice.
10:20 of 2nd period - Off-side.
10:21 of 2nd period - Melker Karlsson wins face-off versus Nick Schmaltz in neutral zone.
10:28 of 2nd period - Snap shot by Kerby Rychel.
10:28 of 2nd period - Shot Blocked by Dakota Mermis.
10:30 of 2nd period - Snap shot by Eric Mestery.
10:30 of 2nd period - Shot Blocked by Dakota Mermis.
10:32 of 2nd period - Slapshot by William Nylander.
10:32 of 2nd period - Stopped by Chet Pickard with a rebound.
10:34 of 2nd period - Backhand shot by William Nylander.
10:34 of 2nd period - Shot Misses the Net.
10:36 of 2nd period - Slapshot by Eric Mestery.
10:36 of 2nd period - Shot Blocked by Andrew O'Brien.
10:46 of 2nd period - Eric Mestery is hit by Stefan Matteau and loses puck.
11:51 of 2nd period - Slapshot by Travis Sanheim.
11:51 of 2nd period - Shot Blocked by Melker Karlsson.
12:19 of 2nd period - Alexei Marchenko is hit by Anthony Nigro.
12:49 of 2nd period - Nick Schmaltz is hit by Andrew O'Brien and loses puck.
13:04 of 2nd period - Slapshot by Alexei Marchenko.
13:04 of 2nd period - Deflect By Iven Barbashev.
13:04 of 2nd period - Stopped by Connor Hellebyuk with a rebound.
13:12 of 2nd period - Slapshot by Nick Schmaltz.
13:12 of 2nd period - Stopped by Chet Pickard without a rebound.
13:13 of 2nd period - Melker Karlsson wins face-off versus Oscar Sundqvist in Mustangs zone.
13:13 of 2nd period - Melker Karlsson is hit by Oscar Sundqvist.
13:18 of 2nd period - Melker Karlsson is hit by Corey Tropp and loses puck.
13:28 of 2nd period - Corey Tropp is hit by Josh Jooris and loses puck.
13:45 of 2nd period - Snap shot by Anthony Nigro.
13:45 of 2nd period - Shot Misses the Net.
13:53 of 2nd period - Anthony Nigro is hit by Scott Mayfield and loses puck.
14:04 of 2nd period - Snap shot by Craig Smith.
14:04 of 2nd period - Deflect By Tuomo Ruutu.
14:04 of 2nd period - Stopped by Connor Hellebyuk with a rebound.
14:12 of 2nd period - Craig Smith is hit by Jacob De La Rose and loses puck.
14:28 of 2nd period - Backhand shot by Anthony Nigro.
14:28 of 2nd period - Shot Misses the Net.
14:30 of 2nd period - Wrist shot by Anthony Nigro.
14:30 of 2nd period - Stopped by Chet Pickard with a rebound.
14:32 of 2nd period - Wrist shot by Jacob De La Rose.
14:32 of 2nd period - Goal by Jacob De La Rose - Mustangs : 2 - Atomiques : 1.
14:33 of 2nd period - Oscar Sundqvist wins face-off versus Melker Karlsson in neutral zone.
14:36 of 2nd period - Slapshot by Travis Sanheim.
14:36 of 2nd period - Shot Blocked by Josh Jooris.
14:42 of 2nd period - Snap shot by Melker Karlsson.
14:42 of 2nd period - Stopped by Connor Hellebyuk without a rebound.
14:43 of 2nd period - Melker Karlsson wins face-off versus Oscar Sundqvist in Atomiques zone.
14:58 of 2nd period - Wrist shot by Jonathan Huberdeau.
14:58 of 2nd period - Shot Blocked by Ben Harpur.
15:20 of 2nd period - Corey Tropp is hit by Josh Jooris and loses puck.
15:55 of 2nd period - Snap shot by Melker Karlsson.
15:55 of 2nd period - Shot Misses the Net.
15:59 of 2nd period - Wrist shot by Jonathan Drouin.
15:59 of 2nd period - Shot Hit the Post.
16:20 of 2nd period - Off-side.
16:21 of 2nd period - Stefan Matteau wins face-off versus Nick Schmaltz in neutral zone.
16:46 of 2nd period - Scott Mayfield is hit by Eric Mestery.
17:30 of 2nd period - Nick Schmaltz is hit by Alexei Marchenko.
17:36 of 2nd period - Slapshot by Scott Mayfield.
17:36 of 2nd period - Stopped by Connor Hellebyuk with a rebound.
17:48 of 2nd period - Dakota Mermis is hit by Freddie Hamilton and loses puck.
18:17 of 2nd period - Nick Schmaltz is hit by Craig Smith and loses puck.
18:41 of 2nd period - Icing by Max Friberg.
18:42 of 2nd period - Dalton Smith wins face-off versus Brayden Point in Atomiques zone.
18:42 of 2nd period - Dalton Smith is hit by Tuomo Ruutu.
19:09 of 2nd period - Nick Schmaltz is hit by Chrstian Dvorak.
19:49 of 2nd period - Jacob De La Rose is hit by Craig Smith and loses puck.
Goals for this period are 1 for Mustangs vs 1 for Atomiques.
Shots for this period are 8 for Mustangs vs 9 for Atomiques.

3rd period


0:01 of 3rd period - Oscar Sundqvist wins face-off versus Melker Karlsson in neutral zone.
0:26 of 3rd period - William Nylander is hit by Scott Mayfield and loses puck.
0:53 of 3rd period - Snap shot by Max Friberg.
0:53 of 3rd period - Shot Misses the Net.
1:51 of 3rd period - Minor Penalty to Scott Mayfield for Tripping.
1:52 of 3rd period - Melker Karlsson wins face-off versus Oscar Sundqvist in Mustangs zone.
2:07 of 3rd period - Snap shot by Jonathan Huberdeau.
2:07 of 3rd period - Shot Blocked by Josh Jooris.
2:24 of 3rd period - Ben Harpur is hit by Jordan Schmaltz and loses puck.
3:51 of 3rd period - Penalty to Scott Mayfield is over, Scott Mayfield is back on ice.
4:04 of 3rd period - Scott Mayfield is hit by Jacob De La Rose and loses puck.
4:11 of 3rd period - Jacob De La Rose is hit by Ben Harpur and loses puck.
5:00 of 3rd period - Slapshot by Jim O'Brien.
5:00 of 3rd period - Goal by Jim O'Brien - Mustangs : 3 - Atomiques : 1.
5:01 of 3rd period - Melker Karlsson wins face-off versus Oscar Sundqvist in neutral zone.
5:06 of 3rd period - Snap shot by Jonathan Drouin.
5:06 of 3rd period - Stopped by Connor Hellebyuk with a rebound.
5:28 of 3rd period - Oscar Sundqvist is hit by Iven Barbashev and loses puck.
5:35 of 3rd period - Snap shot by Max Gortz.
5:35 of 3rd period - Stopped by Connor Hellebyuk without a rebound.
5:36 of 3rd period - Nick Schmaltz wins face-off versus Brayden Point in Atomiques zone.
6:55 of 3rd period - Off-side.
6:56 of 3rd period - Oscar Sundqvist wins face-off versus Brayden Point in neutral zone.
7:24 of 3rd period - Snap shot by Kerby Rychel.
7:24 of 3rd period - Deflect By Nick Schmaltz.
7:24 of 3rd period - Shot Blocked by Scott Mayfield.
7:24 of 3rd period - Puck is out of play.
7:25 of 3rd period - Nick Schmaltz wins face-off versus Melker Karlsson in Mustangs zone.
7:42 of 3rd period - Snap shot by Kerby Rychel.
7:42 of 3rd period - Stopped by Chet Pickard with a rebound.
7:44 of 3rd period - Wrist shot by William Nylander.
7:44 of 3rd period - Shot Misses the Net.
7:46 of 3rd period - Slapshot by Connor Clifton.
7:46 of 3rd period - Shot Blocked by Melker Karlsson.
8:12 of 3rd period - Snap shot by Nick Schmaltz.
8:12 of 3rd period - Stopped by Chet Pickard without a rebound.
8:13 of 3rd period - Stefan Matteau wins face-off versus Oscar Sundqvist in Mustangs zone.
8:38 of 3rd period - Alexei Marchenko is hit by Jordan Schmaltz and loses puck.
9:07 of 3rd period - Wrist shot by Freddie Hamilton.
9:07 of 3rd period - Stopped by Chet Pickard without a rebound.
9:08 of 3rd period - Oscar Sundqvist wins face-off versus Melker Karlsson in Mustangs zone.
9:41 of 3rd period - Wrist shot by William Nylander.
9:41 of 3rd period - Goal by William Nylander - Mustangs : 3 - Atomiques : 2.
9:42 of 3rd period - Oscar Sundqvist wins face-off versus Brayden Point in neutral zone.
10:07 of 3rd period - Kerby Rychel is hit by Melker Karlsson and loses puck.
10:14 of 3rd period - Snap shot by Josh Jooris.
10:14 of 3rd period - Deflect By Melker Karlsson.
10:14 of 3rd period - Goal by Melker Karlsson - Mustangs : 4 - Atomiques : 2.
10:15 of 3rd period - Oscar Sundqvist wins face-off versus Stefan Matteau in neutral zone.
10:22 of 3rd period - Slapshot by Oscar Sundqvist.
10:22 of 3rd period - Shot Misses the Net.
10:49 of 3rd period - Off-side.
10:50 of 3rd period - Nick Schmaltz wins face-off versus Melker Karlsson in neutral zone.
10:57 of 3rd period - Wrist shot by William Nylander.
10:57 of 3rd period - Stopped by Chet Pickard with a rebound.
10:59 of 3rd period - Wrist shot by Kerby Rychel.
10:59 of 3rd period - Shot Misses the Net.
11:19 of 3rd period - Slapshot by Travis Sanheim.
11:19 of 3rd period - Stopped by Chet Pickard with a rebound.
11:21 of 3rd period - Snap shot by Oscar Sundqvist.
11:21 of 3rd period - Shot Misses the Net.
11:25 of 3rd period - Wrist shot by Jonathan Huberdeau.
11:25 of 3rd period - Stopped by Chet Pickard without a rebound.
11:26 of 3rd period - Oscar Sundqvist wins face-off versus Stefan Matteau in Mustangs zone.
11:33 of 3rd period - Snap shot by Alexei Marchenko.
11:33 of 3rd period - Shot Misses the Net.
11:35 of 3rd period - Slapshot by Scott Mayfield.
11:35 of 3rd period - Stopped by Connor Hellebyuk without a rebound.
11:36 of 3rd period - Stefan Matteau wins face-off versus Oscar Sundqvist in Atomiques zone.
11:53 of 3rd period - Jonathan Huberdeau is hit by Scott Mayfield and loses puck.
13:02 of 3rd period - Snap shot by Corey Tropp.
13:02 of 3rd period - Stopped by Chet Pickard without a rebound.
13:03 of 3rd period - Nick Schmaltz wins face-off versus Melker Karlsson in Mustangs zone.
13:04 of 3rd period - Slapshot by William Nylander.
13:04 of 3rd period - Shot Blocked by Jonathan Drouin.
13:14 of 3rd period - Snap shot by Melker Karlsson.
13:14 of 3rd period - Shot Misses the Net.
13:38 of 3rd period - Icing by Connor Clifton.
13:39 of 3rd period - Melker Karlsson wins face-off versus Anthony Nigro in Atomiques zone.
13:50 of 3rd period - Slapshot by Jonathan Drouin.
13:50 of 3rd period - Goal by Jonathan Drouin - Mustangs : 5 - Atomiques : 2.
13:51 of 3rd period - Melker Karlsson wins face-off versus Nick Schmaltz in neutral zone.
14:28 of 3rd period - Snap shot by Oscar Sundqvist.
14:28 of 3rd period - Stopped by Chet Pickard without a rebound.
14:29 of 3rd period - Stefan Matteau wins face-off versus Oscar Sundqvist in Mustangs zone.
14:34 of 3rd period - Wrist shot by Andreas Martinsen.
14:34 of 3rd period - Deflect By Jonathan Huberdeau.
14:34 of 3rd period - Stopped by Connor Hellebyuk with a rebound.
14:40 of 3rd period - Wrist shot by Andreas Martinsen.
14:40 of 3rd period - Shot Blocked by Eric Mestery.
14:48 of 3rd period - Snap shot by Oscar Sundqvist.
14:48 of 3rd period - Shot Misses the Net.
14:50 of 3rd period - Snap shot by Corey Tropp.
14:50 of 3rd period - Shot Misses the Net.
15:35 of 3rd period - Snap shot by Oscar Sundqvist.
15:35 of 3rd period - Stopped by Chet Pickard without a rebound.
15:36 of 3rd period - Nick Schmaltz wins face-off versus Melker Karlsson in Mustangs zone.
15:51 of 3rd period - Slapshot by Nick Schmaltz.
15:51 of 3rd period - Shot Misses the Net.
16:01 of 3rd period - Jordan Schmaltz is hit by Chrstian Dvorak and loses puck.
16:26 of 3rd period - Scott Mayfield is hit by Bobby Farnham and loses puck.
17:12 of 3rd period - Eric Mestery is hit by Craig Smith and loses puck.
18:03 of 3rd period - Slapshot by Ben Harpur.
18:03 of 3rd period - Shot Blocked by Travis Sanheim.
18:05 of 3rd period - Wrist shot by Ben Harpur.
18:05 of 3rd period - Stopped by Connor Hellebyuk without a rebound.
18:06 of 3rd period - Anthony Nigro wins face-off versus Melker Karlsson in Atomiques zone.
18:15 of 3rd period - Wrist shot by Melker Karlsson.
18:15 of 3rd period - Stopped by Connor Hellebyuk without a rebound.
18:16 of 3rd period - Oscar Sundqvist wins face-off versus Stefan Matteau in Atomiques zone.
18:25 of 3rd period - Slapshot by Travis Sanheim.
18:25 of 3rd period - Deflect By Corey Tropp.
18:25 of 3rd period - Shot Hit the Post.
18:25 of 3rd period - Puck is out of play.
18:26 of 3rd period - Oscar Sundqvist wins face-off versus Stefan Matteau in Mustangs zone.
18:39 of 3rd period - Snap shot by Stefan Matteau.
18:39 of 3rd period - Shot Misses the Net.
18:41 of 3rd period - Snap shot by Andreas Martinsen.
18:41 of 3rd period - Stopped by Connor Hellebyuk with a rebound.
18:43 of 3rd period - Slapshot by Scott Mayfield.
18:43 of 3rd period - Deflect By Travis Sanheim.
18:43 of 3rd period - Stopped by Connor Hellebyuk with a rebound.
18:45 of 3rd period - Slapshot by Scott Mayfield.
18:45 of 3rd period - Shot Misses the Net.
18:47 of 3rd period - Slapshot by Alexei Marchenko.
18:47 of 3rd period - Stopped by Connor Hellebyuk with a rebound.
19:04 of 3rd period - Wrist shot by Jonathan Huberdeau.
19:04 of 3rd period - Shot Misses the Net.
Goals for this period are 3 for Mustangs vs 1 for Atomiques.
Shots for this period are 12 for Mustangs vs 10 for Atomiques.